 Dungeon Crawl Stone Soup version 0.28.0-53-g5a82cb258f (webtiles) character file.

Game seed: 31890747212939258

609 Gabide the Archer (level 7, -3/44 HPs)
             Began as a Deep Elf Hunter on June 18, 2022.
             Slain by an orc warrior
             ... wielding a +0 glaive
              (11 damage)
             ... on level 5 of the Dungeon.
             The game lasted 00:12:05 (6627 turns).

Gabide the Archer (Deep Elf Hunter)                 Turns: 6627, Time: 00:12:06

Health: -3/44      AC:  3    Str: 11    XL:     7   Next: 19%
Magic:  9/9        EV: 12    Int: 16    God:
Gold:   252        SH:  5    Dex: 15    Spells: 6/6 levels left

rFire   . . .      SeeInvis .   b - +0 quarterstaff
rCold   . . .      Faith    .   (shield currently unavailable)
rNeg    . . .      Spirit   .   c - +0 leather armour
rPois   .          Reflect  +   (no helmet)
rElec   .          Harm     .   (no cloak)
rCorr   .          Rampage  .   (no gloves)
Will    .....                   (no boots)
Stlth   ++........              g - amulet of reflection
HPRegen 0.14/turn               (no ring)
MPRegen 0.11/turn               (no ring)

@: no status effects
A: no striking features
a: no special abilities


You were on level 5 of the Dungeon.
You visited 1 branch of the dungeon, and saw 5 of its levels.

You collected 252 gold pieces.

Inventory:

Hand Weapons
 a - a +1 shortbow
 b - a +0 quarterstaff (weapon)
Missiles
 l - 3 datura-tipped darts (quivered)
Armour
 c - a +0 leather armour (worn)
Jewellery
 g - an amulet of reflection (around neck)
Scrolls
 j - a scroll of fog
 q - a scroll of identify
Potions
 d - a potion of resistance {unknown}
 f - 2 potions of flight
 k - a potion of haste
 p - a potion of degeneration {unknown}
 r - a potion of curing {unknown}


   Skills:
 + Level 4.3 Fighting
 - Level 3.0 Staves
 + Level 8.4 Bows
 - Level 2.4 Dodging
 - Level 1.2 Stealth


You had 6 spell levels left.
You didn't know any spells.
Your spell library contained the following spells:

 Spells                   Type           Power      Damage    Failure   Level
 Apportation              Tloc           0%         N/A       32%         1
 Blink                    Tloc           0%         N/A       45%         2
 Lesser Beckoning         Tloc           0%         N/A       69%         3
 Alistair's Intoxication  Tmut/Pois      0%         N/A       100%        5
 Manifold Assault         Tloc           0%         N/A       100%        5


Dungeon Overview and Level Annotations

Branches:
Dungeon (5/15)
 Temple: D:4-7

Altars:
Nemelex Xobeh
Zin

Annotations:
D:3 Edmund


Message History

There is a stone staircase leading down, spattered with blood here.
You start resting.
HP restored.
There is a stone staircase leading up, spattered with blood here.
There is a stone staircase leading down here.
You climb downwards.
There is a stone staircase leading up here.
The orc warrior shouts!
Unknown command.
Unknown command.
Okay, then.
The orc priest shouts!
You shoot an arrow.
The arrow closely misses the orc priest.
You shoot an arrow. The arrow hits the orc priest!
The orc priest is severely wounded.
The orc priest mumbles some strange prayers to Beogh against you.
Beogh smites you!
You shoot an arrow.
The arrow closely misses the orc priest.
You shoot an arrow.
The arrow closely misses the orc priest.
The orc priest hits you with a +0 whip.
You shoot an arrow. The arrow hits the orc priest.
The orc priest is almost dead.
You block the orc priest's attack. The orc warrior closely misses you.
You do not have any ammo quivered for your +1 shortbow.
You do not have any ammo quivered for your +1 shortbow.
b - a +0 quarterstaff (weapon)
The orc priest closely misses you.
You closely miss the orc priest.
The orc priest is almost dead.
The orc warrior hits you from afar with a +0 glaive!
The orc priest closely misses you.
You sock the orc priest!
You kill the orc priest!
The orc warrior hits you from afar with a +0 glaive!
* * * LOW HITPOINT WARNING * * *
The orc warrior hits you from afar with a +0 glaive!
You die...

####### # #.....# #. #.###.#
###.#.##.###o# ...........#.#
###.#.##.#.#@# #.# #. #.#.#)# #.#
#+## # #o#.#.# #.# ...##
#.....### #.# # ....##
#####......# ##.# ## .....##
#......(.#.# ##..# ##.
......###......#)#.#####...####..
[.....'.........(...........).o..
......###............[.....###...


You could see an orc warrior.

Vanquished Creatures
  A black bear (D:5)
  A necrophage (D:3)
  A scorpion (D:5)
  A howler monkey (D:5)
  2 orc priests (D:5)
  A jelly (D:5)
  2 hounds (D:4)
  2 hound skeletons
  5 adders
  4 gnolls (D:3)
  An adder skeleton (D:4)
  2 dart slugs
  2 worms (D:2)
  9 orcs
  4 bats (D:2)
  5 endoplasms
  2 giant cockroaches
  9 goblins
  10 hobgoblins
  11 kobolds
  5 quokkas
  4 ball pythons
  A frilled lizard (D:1)
  4 rats
89 creatures vanquished.

Notes
Turn   | Place    | Note
-------+----------+-------------------------------------------
     0 | D:1      | Gabide the Deep Elf Hunter began the quest for the Orb.
     0 | D:1      | Reached XP level 1. HP: 12/12 MP: 3/3
    99 | D:1      | Reached XP level 2. HP: 17/17 MP: 4/4
   475 | D:2      | Reached skill level 6 in Bows
   544 | D:2      | Reached XP level 3. HP: 20/21 MP: 5/5
  1345 | D:2      | Reached XP level 4. HP: 12/27 MP: 6/6
  3039 | D:4      | Noticed Edmund
  3529 | D:4      | Noticed a necrophage
  3550 | D:3      | Killed a necrophage
  3551 | D:3      | Reached skill level 7 in Bows
  3551 | D:3      | Reached XP level 5. HP: 32/32 MP: 7/7
  3675 | D:4      | Noticed a sky beast
  4217 | D:4      | Found a large runed translucent door.
  4217 | D:4      | Found a large runed translucent door.
  4323 | D:4      | Reached skill level 1 in Staves
  4548 | D:4      | Reached XP level 6. HP: 33/37 MP: 8/8
  5021 | D:4      | Found a glowing silver altar of Zin.
  5024 | D:4      | Found a sparkling altar of Nemelex Xobeh.
  5042 | D:5      | Entered Level 5 of the Dungeon
  5524 | D:5      | Noticed an orc warrior
  5748 | D:5      | Reached skill level 8 in Bows
  6044 | D:5      | Reached XP level 7. HP: 37/43 MP: 9/9
  6627 | D:5      | Slain by an orc warrior

Illustrated notes

Levels and vault maps discovered:
D:1:      minmay_arrival_wavy_path, layout_rooms
D:2:      layout_basic, minmay_misc_feat_enclosed, minmay_misc_feat_chi
D:3:      layout_basic
D:4:      layout_cave_pools, jmf_multi_god_temple2, minmay_pentomino_pile,
          uniq_edmund
D:5:      layout_loops_corners, nicolae_qazlal_eye_of_the_storm,
          minmay_temple_entry_fiery, kennysheep_small_spiral,
          small_statue_intersection, nrook_mini_backslash,
          corexii_leaking_fountain

Skill      XL: |  1  2  3  4  5  6 |
---------------+-------------------+-----
Fighting       | 2 3 4 |  4.3
Bows           | 6 7 8 |  8.4
Staves         | 1 3 |  3.0
Dodging        | |  2.4
Stealth        | |  1.2

Action                   |  1- 3 |  4- 6 |  7- 9 || total
-------------------------+-------+-------+-------++-------
Melee: Short sword       |    74 |    68 |       ||   142
       Punch             |     1 |     2 |       ||     3
       Quarterstaff      |       |    51 |     2 ||    53
 Fire: Shortbow          |    65 |   114 |    22 ||   201
Throw: Throwing net      |       |     1 |       ||     1
  Use: Scroll            |       |     6 |     3 ||     9
       Potion            |       |     2 |     3 ||     5
 Stab: Sleeping          |     2 |       |       ||     2
Armor: Leather armour    |    22 |    40 |       ||    62
Dodge: Dodged            |    45 |   119 |     6 ||   170
Block: Other             |       |    25 |     5 ||    30
       Reflection        |       |     1 |       ||     1
